BSA
NASSAU ROCKETS @ PLYMOUTH ROCKS
09/17/2027
 
TOP OF THE 1ST
Nassau Rockets batting - Pitching for Plymouth Rocks : LHP Dave Smeddon
Pitching: LHP Dave Smeddon
Batting: SHB Edgardo Osorio 0-0: Ball
1-0: Foul Ball, location: 2F
1-1: Foul Ball, location: 2F
1-2: SINGLE (Groundball, 56S) (infield hit)
Batting: RHB Pete Harvey 0-0: Called Strike
0-1: Ball
1-1: Ball
2-1: 2-RUN HOME RUN (Flyball, 7D), Distance : 413 ft
Batting: SHB Howard Parker 0-0: Foul Ball, location: 2F
0-1: Ball
1-1: Foul Ball, location: 2F
1-2: Foul Ball, location: 2F
1-2: Foul Ball, location: 2F
1-2: Ball
2-2: Ground out 4-3 (Groundball, 4)
Batting: LHB Doug Thompson 0-0: Called Strike
0-1: Ball
1-1: Foul Ball, location: 2F
1-2: Strikes out looking
Batting: LHB Andrew Alvarado 0-0: Called Strike
0-1: Ball
1-1: Ball
2-1: Ball
3-1: Called Strike
3-2: Foul Ball, location: 2F
3-2: Foul Ball, location: 2F
3-2: Fly out, F8 (Flyball, 8RD)
Top of the 1st over - 2 run(s), 2 hit(s), 0 error(s), 0 left on base; Nassau 2 - Plymouth 0
BOTTOM OF THE 1ST
Plymouth Rocks batting - Pitching for Nassau Rockets : RHP Derek Simpson
Pitching: RHP Derek Simpson
Batting: LHB Roberto García 0-0: Called Strike
0-1: Ground out 5-3 (Groundball, 56S)
Batting: LHB Roy Patrick 0-0: Swinging Strike
0-1: Ball
1-1: Swinging Strike
1-2: SINGLE (Groundball, 6MS) (infield hit)
Batting: RHB Andrés Lara 0-0: Ball
1-0: Called Strike
1-1: Called Strike
1-2: Ball
2-2: SINGLE (Line Drive, 8RS)
Roy Patrick to second
Batting: LHB Barrett Waters 0-0: Ball
1-0: Ball
Roy Patrick steals 3rd base
Andrés Lara to second
2-0: Ground out U3 (Groundball, 3)
Batting: LHB Roger Moore 0-0: SINGLE (Line Drive, 3L)
Roy Patrick scores
Andrés Lara to third
Runner from 3rd tries for Home, SAFE, no throw
Batting: RHB Taylor McFarland 0-0: Called Strike
Roger Moore steals 2nd base
0-1: Ball
1-1: Ball
2-1: Ball
3-1: DOUBLE (Line Drive, 8RXD)
Roger Moore scores
Batting: RHB António Gonzáles 0-0: Ball
1-0: Ball
2-0: Ground out 1-3 (Groundball, 13S)
Bottom of the 1st over - 3 run(s), 4 hit(s), 0 error(s), 1 left on base; Nassau 2 - Plymouth 3
TOP OF THE 2ND
Nassau Rockets batting - Pitching for Plymouth Rocks : LHP Dave Smeddon
Batting: RHB Brant Sherman 0-0: Called Strike
0-1: Swinging Strike
0-2: Foul Ball, location: 2F
0-2: Ball
1-2: Foul Ball, location: 2F
1-2: Ball
2-2: Ball
3-2: Strikes out swinging
Batting: RHB Junior Vargas 0-0: Ball
1-0: Ball
2-0: Ball
3-0: Foul Ball, location: 2F
3-1: Base on Balls
Batting: RHB Salvador Borbón 0-0: Ball
1-0: Foul Ball, location: 2F
1-1: Ball
2-1: Grounds into double play, 6-4-3 (Groundball, 6)
Top of the 2nd over - 0 run(s), 0 hit(s), 0 error(s), 0 left on base; Nassau 2 - Plymouth 3
BOTTOM OF THE 2ND
Plymouth Rocks batting - Pitching for Nassau Rockets : RHP Derek Simpson
Batting: SHB Derek Roach 0-0: Ball
1-0: SINGLE (Flyball, 78S)
Batting: RHB Luis Sánchez 0-0: Swinging Strike
0-1: Ball
1-1: Ball
2-1: Ball
3-1: Base on Balls
Derek Roach to second
Batting: LHB Roberto García 0-0: Ground out 4-3 (Groundball, 34D)
Derek Roach to third
Luis Sánchez to second
Batting: LHB Roy Patrick 0-0: Ball
1-0: Foul Ball, location: 2F
1-1: Ball
2-1: Ball
3-1: Ground out 4-3 (Groundball, 34D)
Derek Roach scores
Luis Sánchez to third
Batting: RHB Andrés Lara 0-0: Ball
Wild Pitch!
Luis Sánchez scores
1-0: Swinging Strike
1-1: Fly out, F7 (Flyball, 7LDF)
Bottom of the 2nd over - 2 run(s), 1 hit(s), 0 error(s), 0 left on base; Nassau 2 - Plymouth 5
TOP OF THE 3RD
Nassau Rockets batting - Pitching for Plymouth Rocks : LHP Dave Smeddon
Batting: RHB Yaichiro Sugahara 0-0: Called Strike
0-1: Fly out, F7 (Flyball, 7S)
Batting: SHB Edgardo Osorio 0-0: Called Strike
0-1: Ball
1-1: Ball
2-1: Fly out, F8 (Flyball, 8RS)
Batting: RHB Pete Harvey 0-0: Ball
1-0: Fly out, F8 (Flyball, 8LM)
Top of the 3rd over - 0 run(s), 0 hit(s), 0 error(s), 0 left on base; Nassau 2 - Plymouth 5
BOTTOM OF THE 3RD
Plymouth Rocks batting - Pitching for Nassau Rockets : RHP Derek Simpson
Batting: LHB Barrett Waters 0-0: Foul Ball, location: 2F
0-1: Foul Ball, location: 2F
0-2: Foul Ball, location: 2F
0-2: Ball
1-2: Fly out, F8 (Flyball, 8LM)
Batting: LHB Roger Moore 0-0: Ground out 5-3 (Groundball, 56)
Batting: RHB Taylor McFarland 0-0: Fly out, F9 (Flyball, 9)
Bottom of the 3rd over - 0 run(s), 0 hit(s), 0 error(s), 0 left on base; Nassau 2 - Plymouth 5
TOP OF THE 4TH
Nassau Rockets batting - Pitching for Plymouth Rocks : LHP Dave Smeddon
Batting: SHB Howard Parker 0-0: Swinging Strike
0-1: Ball
1-1: Fly out, F8 (Flyball, 8RD)
Batting: LHB Doug Thompson 0-0: Called Strike
0-1: Foul Ball, location: 2F
0-2: Ball
1-2: Ball
2-2: Foul Ball, location: 2F
2-2: Ball
3-2: Fly out, F3 (Line Drive, 34)
Batting: LHB Andrew Alvarado 0-0: Foul Ball, location: 2F
0-1: Ground out 5-3 (Groundball, 56)
Top of the 4th over - 0 run(s), 0 hit(s), 0 error(s), 0 left on base; Nassau 2 - Plymouth 5
BOTTOM OF THE 4TH
Plymouth Rocks batting - Pitching for Nassau Rockets : RHP Derek Simpson
Batting: RHB António Gonzáles 0-0: Called Strike
0-1: Ball
1-1: Ball
2-1: Ground out 6-3 (Groundball, 6M)
Batting: SHB Derek Roach 0-0: Called Strike
0-1: Ball
1-1: Ball
2-1: Ball
3-1: Foul Ball, location: 2F
3-2: Strikes out swinging
Batting: RHB Luis Sánchez 0-0: Swinging Strike
0-1: Ball
1-1: SINGLE (Line Drive, 78S)
Batting: LHB Roberto García 0-0: Ball
1-0: Ball
Luis Sánchez steals 2nd base
2-0: Called Strike
2-1: SINGLE (Flyball, 7S)
Luis Sánchez to third
Runner from 3rd tries for Home, SAFE, no throw
Batting: LHB Roy Patrick 0-0: Ball
1-0: Called Strike
1-1: TRIPLE (Flyball, 78XD)
Roberto García scores
Pitching: RHP Valentín Luna
Batting: RHB Andrés Lara 0-0: Fly out, F9 (Flyball, 89M)
Bottom of the 4th over - 2 run(s), 3 hit(s), 0 error(s), 1 left on base; Nassau 2 - Plymouth 7
TOP OF THE 5TH
Nassau Rockets batting - Pitching for Plymouth Rocks : LHP Dave Smeddon
Batting: RHB Brant Sherman 0-0: Ball
1-0: TRIPLE (Line Drive, 89M)
Batting: RHB Junior Vargas 0-0: Ball
1-0: Foul Ball, location: 2F
1-1: Ball
2-1: Ball
3-1: Base on Balls
Batting: RHB Salvador Borbón 0-0: Ball
1-0: Called Strike
1-1: Swinging Strike
1-2: 3-RUN HOME RUN (Flyball, 78D), Distance : 446 ft
Batting: RHB Yaichiro Sugahara 0-0: Called Strike
0-1: Ball
1-1: Called Strike
1-2: Foul Ball, location: 2F
1-2: Foul Ball, location: 2F
1-2: Ground out 4-3 (Groundball, 4)
Batting: SHB Edgardo Osorio 0-0: SINGLE (Groundball, 4MD)
Batting: RHB Pete Harvey 0-0: Foul Ball, location: 2F
0-1: Ball
1-1: Called Strike
1-2: Strikes out swinging
Batting: SHB Howard Parker 0-0: Ball
1-0: Fielders Choice at 2nd, 6-4 (Groundball, 6)
Top of the 5th over - 3 run(s), 3 hit(s), 0 error(s), 0 left on base; Nassau 5 - Plymouth 7
BOTTOM OF THE 5TH
Plymouth Rocks batting - Pitching for Nassau Rockets : RHP Valentín Luna
Batting: LHB Barrett Waters 0-0: SINGLE (Flyball, 7S)
Batting: LHB Roger Moore 0-0: Called Strike
0-1: Ball
1-1: Fielders Choice at 2nd, 4-6 (Groundball, 4)
Batting: RHB Taylor McFarland 0-0: Ball
1-0: Foul Ball, location: 2F
1-1: Ball
Wild Pitch!
Roger Moore to second
2-1: Ball
3-1: Base on Balls
Batting: RHB António Gonzáles 0-0: Ball
Balk!
Roger Moore to third
Taylor McFarland to second
1-0: Foul Ball, location: 2F
1-1: Called Strike
1-2: Fly out, F7 (Flyball, 78M)
Runner from 3rd tags up, SCORES, no throw
Batting: SHB Derek Roach 0-0: Ground out U3 (Groundball, 34)
Bottom of the 5th over - 1 run(s), 1 hit(s), 0 error(s), 1 left on base; Nassau 5 - Plymouth 8
TOP OF THE 6TH
Nassau Rockets batting - Pitching for Plymouth Rocks : LHP Dave Smeddon
Batting: LHB Doug Thompson 0-0: Ball
1-0: Swinging Strike
1-1: SINGLE (Groundball, 34D)
Batting: LHB Andrew Alvarado 0-0: Foul Ball, location: 2F
0-1: Ground out 6-3 (Groundball, 6MS)
Doug Thompson to second
Batting: RHB Brant Sherman 0-0: Ground out 1-3 (Groundball, 13S)
Doug Thompson to third
Batting: RHB Junior Vargas 0-0: Fly out, F9 (Flyball, 9S)
Top of the 6th over - 0 run(s), 1 hit(s), 0 error(s), 1 left on base; Nassau 5 - Plymouth 8
BOTTOM OF THE 6TH
Plymouth Rocks batting - Pitching for Nassau Rockets : RHP Valentín Luna
Batting: RHB Luis Sánchez 0-0: Foul Ball, location: 2F
0-1: Ball
1-1: Fly out, F8 (Line Drive, 89D)
Batting: LHB Roberto García 0-0: Called Strike
0-1: Swinging Strike
0-2: Ball
1-2: Ball
2-2: Foul Ball, location: 2F
2-2: Ball
3-2: Foul Ball, location: 2F
3-2: Strikes out swinging
Batting: LHB Roy Patrick 0-0: Called Strike
0-1: Fly out, F6 (Popup, 56D)
Bottom of the 6th over - 0 run(s), 0 hit(s), 0 error(s), 0 left on base; Nassau 5 - Plymouth 8
TOP OF THE 7TH
Nassau Rockets batting - Pitching for Plymouth Rocks : LHP Dave Smeddon
Batting: RHB Salvador Borbón 0-0: Called Strike
0-1: Ball
1-1: Ball
2-1: Ball
3-1: SINGLE (Flyball, 7LS)
Batting: RHB Yaichiro Sugahara 0-0: Fly out, F8 (Flyball, 78M)
Batting: SHB Edgardo Osorio 0-0: Called Strike
0-1: SINGLE (Groundball, 56D)
Salvador Borbón to second
Batting: RHB Pete Harvey 0-0: Ball
1-0: Foul Ball, location: 2F
1-1: Swinging Strike
1-2: Reached on error, E9 (Flyball, 9D)
Salvador Borbón scores
Edgardo Osorio to third
Pinch Hitting: LHB Don Ramey 0-0: Ball
1-0: SINGLE (Flyball, 89S)
Edgardo Osorio scores
Pete Harvey to third
Batting: LHB Doug Thompson 0-0: Ball
1-0: Ball
2-0: Grounds into double play, 4-6-3 (Groundball, 4)
Top of the 7th over - 2 run(s), 3 hit(s), 1 error(s), 1 left on base; Nassau 7 - Plymouth 8
BOTTOM OF THE 7TH
Plymouth Rocks batting - Pitching for Nassau Rockets : RHP Valentín Luna
Now in RF: Don Ramey
Batting: RHB Andrés Lara 0-0: Ball
1-0: Ball
2-0: Called Strike
2-1: Ball
3-1: Ground out 6-3 (Groundball, 6)
Pitching: LHP Kai-ge Hui
Batting: LHB Barrett Waters 0-0: SINGLE (Line Drive, 8LS)
Pitching: RHP José García
Batting: LHB Roger Moore 0-0: Ball
1-0: Swinging Strike
1-1: Ball
2-1: Foul Ball, location: 2F
2-2: Strikes out swinging
Batting: RHB Taylor McFarland 0-0: Foul Ball, location: 2F
0-1: Ball
Barrett Waters is caught stealing 2nd base
Bottom of the 7th over - 0 run(s), 1 hit(s), 0 error(s), 0 left on base; Nassau 7 - Plymouth 8
TOP OF THE 8TH
Nassau Rockets batting - Pitching for Plymouth Rocks : LHP Dave Smeddon
Batting: LHB Andrew Alvarado 0-0: Foul Ball, location: 2F
0-1: Ball
1-1: Swinging Strike
1-2: Foul Ball, location: 2F
1-2: Ground out 6-3 (Groundball, 6)
Batting: RHB Brant Sherman 0-0: Called Strike
0-1: Foul Ball, location: 2F
0-2: Ball
1-2: Ball
2-2: Ground out 6-3 (Groundball, 6)
Batting: RHB Junior Vargas 0-0: Ball
1-0: SINGLE (Line Drive, 8LS)
Pitching: LHP Manuel Parra
Batting: RHB Salvador Borbón 0-0: Ball
1-0: Called Strike
1-1: Fielders Choice at 2nd, 4-6 (Groundball, 4)
Top of the 8th over - 0 run(s), 1 hit(s), 0 error(s), 0 left on base; Nassau 7 - Plymouth 8
BOTTOM OF THE 8TH
Plymouth Rocks batting - Pitching for Nassau Rockets : RHP José García
Batting: RHB Taylor McFarland 0-0: SINGLE (Groundball, 56D)
Pinch Hitting: SHB Víctor Serrano 0-0: Ball
1-0: Called Strike
1-1: Foul Ball, location: 2F
1-2: SINGLE (Line Drive, 4M)
Taylor McFarland to second
Batting: SHB Derek Roach 0-0: Called Strike
0-1: Sac Bunt - play at first, batter OUT! 1-4
Taylor McFarland to third
Víctor Serrano to second
Batting: RHB Luis Sánchez 0-0: Called Strike
0-1: Ball
1-1: Fly out, F4 (Popup, 4)
Batting: LHB Roberto García 0-0: Called Strike
0-1: Foul Ball, location: 2F
0-2: Ball
Wild Pitch!
Taylor McFarland scores
Víctor Serrano to third
1-2: Ball
2-2: Fly out, F7 (Line Drive, 78M)
Bottom of the 8th over - 1 run(s), 2 hit(s), 0 error(s), 1 left on base; Nassau 7 - Plymouth 9
TOP OF THE 9TH
Nassau Rockets batting - Pitching for Plymouth Rocks : LHP Manuel Parra
Pitching: RHP Bartolo García
Now at 3B: Chad Huggins
Batting: RHB Yaichiro Sugahara 0-0: Fly out, F8 (Flyball, 8RD)
Batting: SHB Edgardo Osorio 0-0: Swinging Strike
0-1: Ground out 4-3 (Groundball, 4)
Batting: RHB Pete Harvey 0-0: Ball
1-0: Ball
2-0: Ground out 6-3 (Groundball, 6)
Top of the 9th over - 0 run(s), 0 hit(s), 0 error(s), 0 left on base; Nassau 7 - Plymouth 9
Thursday, March 30th, 2017 - OOTP Baseball 17.12 Build 75